 Dungeon Crawl Stone Soup version 0.30-a0-605-gb2882149bf (webtiles) character file.

Game seed: 449771121053287104

1434 acebull12 the Covert (level 8, -7/50 HPs)
             Began as an Octopode Enchanter on Jan 8, 2023.
             Mangled by a mummy (18 damage)
             ... in an ossuary.
             The game lasted 00:12:51 (4469 turns).

acebull12 the Covert (Octopode Enchanter)           Turns: 4469, Time: 00:12:51

Health: -7/50      AC:  1    Str:  7    XL:     8   Next: 73%
Magic:  14/14      EV: 14    Int: 18    God:
Gold:   187        SH:  5    Dex: 14    Spells: 13/15 levels left

rFire   . . .      SeeInvis .    k - +2 short sword (flame)
rCold   . . .      Faith    .    (no shield)
rNeg    + . .      Spirit   .    (helmet restricted)
rPois   +          Reflect  +    E - amulet of reflection
rElec   .          Harm     .    h - ring of poison resistance
rCorr   .          Rampage  .    y - ring of positive energy
Will    .....                    (no ring)
Stlth   +++++                    (no ring)
HPRegen 0.28/turn                (no ring)
MPRegen 0.14/turn                (no ring)
                                 (no ring)
                                 (no ring)

@: no status effects
A: almost no armour, amphibious, 8 rings, camouflage 1, gelatinous body 1,
(nimble swimmer 1), tentacles
a: no special abilities


You were in an ossuary.
You visited 1 branch of the dungeon, and saw 6 of its levels.
You also visited: Sewer and Ossuary.

You collected 187 gold pieces.

Inventory:

Hand Weapons
 a - a +1 dagger
 k - a +2 short sword of flaming (weapon)
Armour
 g - a +0 kite shield
Jewellery
 h - a ring of poison resistance (left tentacle)
 s - an amulet of regeneration
 y - a ring of positive energy (right tentacle)
 E - an amulet of reflection (around mantle)
Scrolls
 c - 2 scrolls of blinking {unknown}
 f - a scroll of noise {unknown}
 i - 2 scrolls of magic mapping
 l - 4 scrolls of poison
 m - 2 scrolls of enchant armour {unknown}
 n - 3 scrolls of vulnerability
 o - a scroll of immolation {unknown}
 p - 4 scrolls of identify
 q - 2 scrolls of fog {unknown}
 B - a scroll of summoning {unknown}
 C - 2 scrolls of teleportation {unknown}
Potions
 b - a potion of invisibility
 d - 5 potions of cancellation
 e - 4 potions of heal wounds {unknown}
 j - 4 potions of curing {unknown}
 r - a potion of might {unknown}
 t - 2 potions of attraction {unknown}
 u - a potion of magic {unknown}
 v - 3 potions of haste {unknown}
 w - 3 potions of mutation {unknown}
 x - a potion of ambrosia {unknown}
 z - a potion of flight {unknown}
 A - 2 potions of degeneration {unknown}
 D - a potion of lignification {unknown}


   Skills:
 + Level 2.2 Fighting
 + Level 3.9 Short Blades
 + Level 3.0 Dodging
 * Level 10.4 Stealth
 + Level 0.1 Shields
 * Level 4.0 Spellcasting
 * Level 5.3 Hexes
 + Level 0.3 Ice Magic


You had 13 spell levels left.
You knew the following spells:

 Your Spells              Type           Power      Damage    Failure   Level
a - Ensorcelled Hibernat  Hex/Ice        26%        N/A       7%          2

Your spell library contained the following spells:

 Spells                   Type           Power      Damage    Failure   Level
 Confusing Touch          Hex            22%        N/A       4%          3
 Tukima's Dance           Hex            22%        N/A       4%          3
 Dazzling Flash           Conj/Hex       26%        N/A       14%         3
 Sublimation of Blood     Necr           3%         N/A       22%         2
 Wereblood                Tmut           3%         N/A       22%         2
 Summon Hydra             Summ           1%         N/A       100%        7


Dungeon Overview and Level Annotations

Branches:
Dungeon (6/15)             Temple (0/1) D:6           Sewer (visited)
Ossuary (1/1)

Altars:
Ashenzari
Cheibriados
Gozag
Kikubaaqudgha
Wu Jian

Shops:
D:6 *


Innate Abilities, Weirdness & Mutations

You cannot wear most types of armour.
You are amphibious.
You can wear up to eight rings at the same time.
Your skin changes colour to match your surroundings (Stealth+).
Your rubbery body absorbs attacks. (AC +1, EV +1)
((You are camouflaged when in or above water. (Stealth+)))
You have tentacles for arms and can constrict up to eight enemies at once.


Message History

Your grab misses the kobold zombie.
The kobold zombie is moderately damaged.
You constrict the mummy. You constrict the gnoll zombie.
The gnoll zombie hits you. The mummy hits you!
* * * LOW HITPOINT WARNING * * *
You hit the kobold zombie. You burn the kobold zombie.
You destroy the kobold zombie!
You constrict the mummy, but do no damage.
You constrict the gnoll zombie. You block the gnoll zombie's attack.
You hit the mummy. You burn the mummy.
The mummy is heavily damaged.
You constrict the mummy. You constrict the gnoll zombie.
You block the mummy's attack.
You hit the mummy. You burn the mummy.
You destroy the mummy!
You flicker for a moment.
You constrict the gnoll zombie. The gnoll zombie closely misses you.
The hobgoblin zombie closely misses you.
You hit the hobgoblin zombie. You burn the hobgoblin zombie.
You grab the hobgoblin zombie. You squeeze the hobgoblin zombie.
You destroy the hobgoblin zombie!
You constrict the gnoll zombie. The gnoll zombie closely misses you.
You hit the gnoll zombie. You burn the gnoll zombie.
You destroy the gnoll zombie!
You block the mummy's attack.
You hit the mummy. You burn the mummy. You grab the mummy.
The mummy is moderately damaged.
You constrict the mummy, but do no damage.
You hit the mummy but do no damage. You squeeze the mummy.
The mummy is moderately damaged.
You constrict the mummy.
The mummy struggles to escape constriction.
You hit the mummy but do no damage.
The mummy is heavily damaged.
You constrict the mummy, but do no damage.
You hit the mummy. You burn the mummy.
The mummy is heavily damaged.
You flicker back into view.
You constrict the mummy. The mummy hits you!!
You die...

.... ##..## ...
....##....##....
........M.......
...............
...........Z.
#........#
#...M..# #.@Z.#
#....# #....#
#....# #....#
#....# #....#
#....# #.∩∩.#


You could see 2 mummies, a hobgoblin zombie (wandering) and an orc zombie.

Vanquished Creatures
  An ice beast (D:5)
  2 black bears
  2 ogres
  A centaur (D:6)
  3 phantoms
  A necrophage (D:5)
  3 scorpions
  A howler monkey (D:4)
  A jelly (D:4)
  4 iguanas
  2 orc wizards (D:5)
  2 mummies (Ossuary)
  8 adders
  A river rat (Sewer)
  An ufetubus (D:5)
  3 worms (D:3)
  3 dart slugs
  15 orcs
  4 endoplasms
  2 giant cockroaches
  8 goblins
  3 hobgoblins (D:2)
  3 quokkas
  10 ball pythons
  6 bats
  9 frilled lizards
  A gnoll zombie (Ossuary)
  2 hobgoblin zombies (Ossuary)
  7 kobolds
  A kobold zombie (Ossuary)
  2 orc zombies (Ossuary)
  11 rats
123 creatures vanquished.

Notes
Turn   | Place    | Note
-------+----------+-------------------------------------------
     0 | D:1      | acebull12 the Octopode Enchanter began the quest for the
                  | Orb.
     0 | D:1      | Reached XP level 1. HP: 11/11 MP: 3/3
   131 | D:1      | Reached XP level 2. HP: 15/17 MP: 5/5
   547 | D:1      | Reached XP level 3. HP: 21/21 MP: 6/6
  1555 | D:3      | Reached skill level 5 in Stealth
  1555 | D:3      | Reached XP level 4. HP: 27/27 MP: 7/7
  1851 | D:3      | Found a glowing drain.
  1867 | Sewer    | Entered a sewer
  2190 | Sewer    | Reached XP level 5. HP: 32/32 MP: 8/8
  2291 | D:4      | Noticed an ogre
  2308 | D:4      | Reached skill level 6 in Stealth
  2365 | D:3      | Learned a level 2 spell: Ensorcelled Hibernation
  2376 | D:4      | Found a broken altar of Ashenzari.
  2386 | D:4      | Noticed a phantom
  2423 | D:4      | Killed an ogre
  2424 | D:4      | Reached skill level 7 in Stealth
  2424 | D:4      | Reached XP level 6. HP: 35/37 MP: 6/9
  2539 | D:4      | Noticed a black bear
  2552 | D:4      | Killed a black bear
  2569 | D:3      | Reached skill level 8 in Stealth
  2569 | D:3      | Reached XP level 7. HP: 20/42 MP: 8/11
  2610 | D:3      | Reached skill level 1 in Fighting
  2811 | D:4      | Found an opulent altar of Gozag.
  2859 | D:4      | Found an ornate altar of the Wu Jian Council.
  3078 | D:5      | Entered Level 5 of the Dungeon
  3080 | D:5      | Reached skill level 9 in Stealth
  3313 | D:5      | Found a snail-covered altar of Cheibriados.
  3379 | D:5      | Found an ancient bone altar of Kikubaaqudgha.
  3436 | D:5      | Reached XP level 8. HP: 50/50 MP: 12/12
  3881 | D:5      | Reached skill level 10 in Stealth
  4347 | D:6      | Reached skill level 5 in Hexes
  4349 | D:6      | Found Wost's Assorted Antiques.
  4373 | D:6      | Found a sand-covered staircase.
  4383 | Ossuary  | Entered an ossuary
  4469 | Ossuary  | Mangled by a mummy

Illustrated notes

Levels and vault maps discovered:
D:1:      saegor_arrival_simple_c, layout_loops_ring
D:2:      layout_basic, serial_forest, infiniplex_forest_pool,
          infiniplex_forest_end_1, infiniplex_forest_clump_long,
          infiniplex_forest_end_1, infiniplex_forest_side_room,
          infiniplex_forest_end_1, infiniplex_forest_lined_room_3,
          infiniplex_forest_split
D:3:      layout_rooms, cheibrodos_sewer_entry_bend
D:4:      layout_rooms, ashenzari_altar_1,
          nicolae_gozag_cash_rules_everything_around_me,
          mainiacjoe_overflow_small_starburst, nicolae_underground_beach
D:5:      layout_loops_ring, mainiacjoe_overflow_six_doors_small,
          cheibriados_altar_1, minivault_11
D:6:      layout_loops_ring, nicolae_uskayaw_suspiria, temple_fountains,
          nicolae_ossuary_entry_monument, serial_shops, shop
Ossuary:  ossuary_tomb_3

Skill      XL: |  1  2  3  4  5  6  7  8 |
---------------+-------------------------+-----
Stealth        | 5 7 8 9 10 | 10.4
Short Blades   | 2 3 |  3.9
Hexes          | 4 5 |  5.3
Fighting       | 1 2 |  2.2
Spellcasting   | 3 4 |  4.0
Dodging        | 3 |  3.0
Shields        | |  0.1
Ice Magic      | |  0.3

Action                   |  1- 3 |  4- 6 |  7- 9 || total
-------------------------+-------+-------+-------++-------
Melee: Dagger            |    35 |       |       ||    35
       Constrict         |    12 |    15 |    20 ||    47
       Tentacles         |    10 |    10 |    24 ||    44
       Short sword       |    36 |    69 |   126 ||   231
       Punch             |       |       |     3 ||     3
 Cast: Ensorcelled Hiber |       |     2 |       ||     2
  Use: Scroll            |     1 |       |     3 ||     4
       Potion            |       |       |     1 ||     1
 Stab: Sleeping          |    16 |    21 |    11 ||    48
       Distracted        |       |       |     2 ||     2
       Invisible         |       |       |     1 ||     1
Armor: Skin              |     6 |     3 |     7 ||    16
Dodge: Dodged            |    34 |    23 |    72 ||   129
Block: Other             |       |       |    19 ||    19

Table legend: (Time is in decaauts)
 A = Elapsed time spent in this place.
 B = Non-inter-level travel time spent in this place.
 C = Inter-level travel time spent in this place.
 D = Time resting spent in this place.
 E = Time spent auto-exploring this place.
 F = Levels seen in this place.
 G = Mean time per level.
                   A        B        C        D        E       F      G
               +--------+--------+--------+--------+--------+-----+--------+
         Total |   4443 |   4102 |    341 |    484 |   2609 |   8 |  555.4 |
       Dungeon |   4033 |   3692 |    341 |    450 |   2387 |   6 |  672.2 |
         Sewer |    328 |    328 |      0 |      0 |    222 |   1 |  328.0 |
       Ossuary |     82 |     82 |      0 |     34 |      0 |   1 |   82.0 |
               +--------+--------+--------+--------+--------+-----+--------+

Top non-repeatable levels by time:
     D:5: 1074 daAuts
     D:1: 784 daAuts
     D:2: 730 daAuts
     D:3: 680 daAuts
     D:4: 679 daAuts
   Sewer: 328 daAuts
     D:6: 83 daAuts
 Ossuary: 82 daAuts
